 Dungeon Crawl Stone Soup version 0.31.0-32-g396128a36d (webtiles) character file.

Game seed: 3042438122969447143

3913 Marvel the Cleaver (level 10, 0/88 HPs)
             Began as a Hill Orc Fighter on Mar 23, 2024.
             Was a Priest of Nemelex Xobeh.
             Slain by a killer bee (5 damage)
             ... on level 8 of the Dungeon.
             The game lasted 00:11:33 (6772 turns).

Marvel the Cleaver (Hill Orc Fighter)               Turns: 6772, Time: 00:11:33

Health: 0/88       AC: 12    Str: 24    XL:     10   Next: 20%
Magic:  10/10      EV: 12    Int:  8    God:    Nemelex Xobeh [***...]
Gold:   236        SH:  4    Dex: 10    Spells: 9/9 levels left

rFire   . . .        a - +0 war axe
rCold   . . .        c - +0 buckler
rNeg    . . .        A - +0 steam dragon scales
rPois   .            (no helmet)
rElec   .            x - +0 cloak
rCorr   .            C - +0 pair of gloves
SInv    .            g - +2 pair of boots
Will    .....        (no amulet)
Stlth   +            (no ring)
HPRegen 0.34/turn    (no ring)
MPRegen 0.12/turn

%: no passive effects
@: no status effects
A: no striking features
a: Renounce Religion, Draw Escape, Draw Destruction, Draw Summoning, Triple Draw


You were on level 8 of the Dungeon.
You worshipped Nemelex Xobeh.
Nemelex Xobeh was most pleased with you.
You visited 1 branch of the dungeon, and saw 8 of its levels.

You collected 435 gold pieces.
You spent 199 gold pieces at shops.

Inventory:

Hand Weapons
 a - a +0 war axe (weapon)
 t - a +4 heavy arbalest
Missiles
 b - 7 poisoned darts
 i - 13 boomerangs (quivered)
 u - a throwing net
Armour
 c - a +0 buckler (worn)
 g - a +2 pair of boots (worn)
 x - a +0 cloak (worn)
 A - +0 steam dragon scales (worn)
 C - a +0 pair of gloves (worn)
Wands
 p - a wand of roots (9)
 w - a wand of flame (28)
Scrolls
 d - a scroll of revelation {unknown}
 f - 4 scrolls of teleportation {unknown}
 j - 4 scrolls of identify {unknown}
 q - a scroll of poison {unknown}
 r - 5 scrolls of vulnerability {unknown}
 s - a scroll of fear {unknown}
 y - a scroll of butterflies {unknown}
 z - a scroll of enchant weapon {unknown}
 B - a scroll of silence {unknown}
 D - 2 scrolls of fog {unknown}
 E - a scroll of amnesia {unknown}
Potions
 e - 4 potions of brilliance {unknown}
 h - 2 potions of cancellation {unknown}
 k - a potion of curing
 l - 2 potions of attraction {unknown}
 m - 3 potions of mutation {unknown}
 n - a potion of enlightenment {unknown}
 o - a potion of berserk rage {unknown}
 v - 2 potions of ambrosia {unknown}


   Skills:
 + Level 8.1 Fighting
 + Level 12.9 Axes
 + Level 8.2 Armour
 + Level 3.1 Dodging
 + Level 1.0 Stealth
 + Level 4.5 Shields


You had 9 spell levels left.
You didn't know any spells.
Your spell library contained the following spells:

 Spells                   Type           Power      Damage    Failure   Level
 Slow                     Hex            0%         N/A       45%         1
 Call Canine Familiar     Summ           0%         N/A       83%         3
 Confusing Touch          Hex            0%         N/A       83%         3
 Sigil of Binding         Hex            0%         N/A       83%         3
 Tukima's Dance           Hex            0%         N/A       83%         3
 Vampiric Draining        Necr           0%         2d6       83%         3
 Dimensional Bullseye     Hex/Tloc       0%         N/A       99%         4
 Passage of Golubria      Tloc           0%         N/A       99%         4
 Yara's Violent Unravell  Hex/Alch       0%         3d3       100%        5


Dungeon Overview and Level Annotations

Branches:
Dungeon (8/15)             Temple (0/1) D:6
   Lair: D:8-11

Altars:
Gozag
Makhleb
Nemelex Xobeh
Okawaru
Sif Muna
Trog
Xom
Zin

Shops:
D:5 *


Message History

The killer bee barely misses you.
The orc warrior hits you with a +0 glaive!
* * * LOW HITPOINT WARNING * * *
You closely miss the killer bee.
The killer bee is almost dead.
You hit the orc warrior but do no damage.
You block the killer bee's attack. You block the orc warrior's attack.
The killer bee stings you but does no damage.
You barely miss the killer bee.
The killer bee is almost dead.
You closely miss the orc warrior. The killer bee misses you.
You block the orc warrior's attack.
The killer bee stings you but does no damage.
You closely miss the killer bee.
The killer bee is almost dead.
You barely miss the orc warrior. The killer bee closely misses you.
The orc warrior barely misses you.
You hit the killer bee but do no damage.
The killer bee is almost dead.
You hit the orc warrior but do no damage.
The killer bee completely misses you. You block the killer bee's attack.
The orc warrior hits you with a +0 glaive.
* * * LOW HITPOINT WARNING * * *
You closely miss the killer bee.
The killer bee is almost dead.
You hit the orc warrior. The killer bee stings you.
* * * LOW HITPOINT WARNING * * *
You are lethally poisoned!
The killer bee poisons you! The killer bee misses you.
You block the orc warrior's attack.
You feel better. The killer bee completely misses you.
The killer bee stings you but does no damage.
The orc warrior hits you with a +0 glaive!
* * * LOW HITPOINT WARNING * * *
You closely miss the killer bee.
The killer bee is almost dead.
You hit the orc warrior but do no damage.
The killer bee closely misses you. The killer bee stings you.
You die...
Your body glows slightly and disappears.

#....######...
#............
#...........
#..........#
#..........####
................
#..y...# #..
#.o@†..# #...
#.)(./.##..#
#......#..# #
#........#
..##.......##
##........##
..........#
#..##......# #..
####'###


You could see an orc warrior and a killer bee.

Vanquished Creatures
  Pikel (D:4)
  Sigmund (D:2)
  A fire bat (D:7)
  A yak (D:6)
  2 steam dragons (D:7)
  A sky beast (D:7)
  3 ice beasts
  3 black bears
  2 ogres
  2 centaurs
  2 phantoms
  3 bullfrogs (D:6)
  3 scorpions
  9 killer bees
  4 howler monkeys
  A bombardier beetle (D:3)
  A gnoll bouda (D:5)
  A jelly (D:6)
  Crazy Yiuf (D:6)
  4 hounds
  Jessica (D:2)
  Natasha (twice) (D:3)
  4 iguanas
  4 orc wizards
  Robin (D:3)
  8 gnolls
  7 adders
  A shadow imp (D:7)
  A white imp (D:6)
  An ufetubus (D:7)
  2 ribbon worms
  16 orcs
  2 bats
  6 endoplasms
  2 giant cockroaches
  8 goblins
  12 hobgoblins
  5 quokkas
  2 ball pythons
  4 frilled lizards
  7 kobolds
  2 rats (D:2)
144 creatures vanquished.

Vanquished Creatures (others)
  An arcanist (D:6)
  An orc wizard (D:4)
  An ufetubus (D:7)
3 creatures vanquished.

Grand Total: 147 creatures vanquished

Notes
Turn   | Place    | Note
-------+----------+-------------------------------------------
     0 | D:1      | Marvel the Hill Orc Fighter began the quest for the Orb.
     0 | D:1      | Reached XP level 1. HP: 19/19 MP: 1/1
    40 | D:1      | You fall into a shaft and drop 1 floor!
   147 | D:1      | Reached XP level 2. HP: 27/27 MP: 2/2
   233 | D:1      | Reached skill level 3 in Axes
   385 | D:1      | Reached XP level 3. HP: 3/33 MP: 3/3
   821 | D:2      | Noticed Jessica
   823 | D:2      | Noticed Sigmund
   941 | D:2      | Noticed a scorpion
   957 | D:2      | Killed a scorpion
   958 | D:2      | Reached skill level 4 in Axes
   958 | D:2      | Reached XP level 4. HP: 26/40 MP: 4/4
  1299 | D:2      | Killed Sigmund
  1300 | D:2      | Reached skill level 6 in Axes
  1300 | D:2      | Reached XP level 5. HP: 42/47 MP: 5/5
  1300 | D:2      | Reached XP level 6. HP: 48/53 MP: 6/6
  1330 | D:2      | Killed Jessica
  1611 | D:3      | Reached skill level 5 in Fighting
  1837 | D:3      | Noticed Natasha
  1845 | D:3      | Killed Natasha
  1846 | D:3      | Reached XP level 7. HP: 51/61 MP: 7/7
  1973 | D:3      | Noticed Natasha
  1981 | D:3      | Killed Natasha
  1982 | D:3      | Reached skill level 7 in Axes
  2095 | D:3      | Noticed Robin
  2108 | D:3      | Killed Robin
  2168 | D:3      | Found a faded altar of an unknown god.
  2189 | D:3      | Reached skill level 1 in Dodging
  2236 | D:3      | Prayed at the altar of an unknown god.
  2236 | D:3      | Became a worshipper of Nemelex Xobeh the Trickster
  2236 | D:3      | Reached * piety under Nemelex Xobeh
  2499 | D:4      | Noticed Pikel
  2518 | D:4      | Killed Pikel
  2519 | D:4      | Reached skill level 8 in Axes
  2519 | D:4      | Reached skill level 5 in Armour
  2519 | D:4      | Reached XP level 8. HP: 6/70 MP: 8/8
  2791 | D:4      | Received a gift from Nemelex Xobeh
  2870 | D:4      | Reached skill level 9 in Axes
  3017 | D:4      | Found a shimmering blue altar of Sif Muna.
  3455 | D:5      | Entered Level 5 of the Dungeon
  3707 | D:5      | Found Soleg's Assorted Antiques.
  4138 | D:5      | Reached skill level 10 in Axes
  4185 | D:5      | Bought a scroll labelled TOUCROTYTE for 21 gold pieces
  4185 | D:5      | Bought a glowing arbalest for 157 gold pieces
  4185 | D:5      | Bought a scroll labelled ILUNNI OCRAACA for 21 gold pieces
  4382 | D:5      | Found a burning altar of Makhleb.
  4382 | D:5      | Reached ** piety under Nemelex Xobeh
  4457 | D:6      | Received a gift from Nemelex Xobeh
  4470 | D:6      | Reached XP level 9. HP: 69/78 MP: 9/9
  4911 | D:6      | Received a gift from Nemelex Xobeh
  4921 | D:6      | Reached skill level 11 in Axes
  4991 | D:6      | Found a runed translucent door.
  4992 | D:6      | Noticed Crazy Yiuf
  4997 | D:6      | Killed Crazy Yiuf
  5030 | D:6      | Found a staircase to the Ecumenical Temple.
  5053 | D:6      | Found an iron altar of Okawaru.
  5088 | D:6      | Reached skill level 1 in Stealth
  5321 | D:6      | Found a bloodstained altar of Trog.
  5322 | D:6      | Noticed a wizard
  5328 | D:6      | Killed a wizard
  5926 | D:7      | Found an opulent altar of Gozag.
  5926 | D:7      | Found a glowing silver altar of Zin.
  6011 | D:7      | Reached skill level 12 in Axes
  6278 | D:7      | Reached XP level 10. HP: 86/88 MP: 10/10
  6436 | D:7      | Found a shimmering altar of Xom.
  6436 | D:7      | Reached *** piety under Nemelex Xobeh
  6772 | D:8      | Slain by a killer bee

Illustrated notes

Levels and vault maps discovered:
D:1:      minmay_arrival_stair_chambers, layout_rooms
D:2:      layout_rooms, uniq_sigmund, uniq_jessica
D:3:      layout_loops_ring, shapermc_ecumenical_altar_flowoftime,
          kennysheep_generic_room_16, uniq_natasha, uniq_robin
D:4:      layout_loops_ring, mainiacjoe_overflow_tiny_flanked, uniq_pikel
D:5:      layout_basic, lightli_temple_of_fire, serial_shops,
          nicolae_inconvenience_store
D:6:      layout_loops_corners, trog_wizard,
          mainiacjoe_overflow_small_starburst, minmay_temple_entry_tees,
          minmay_microvault, uniq_crazy_yiuf_cottage
D:7:      layout_rooms, regret_index_xom_of_box,
          grunt_temple_overflow_gold_and_silver
D:8:      layout_basic, nzn_hepliaklqana_mist_gate,
          mainiacjoe_overflow_big_doors

Skill      XL: |  1  2  3  4  5  6  7  8  9 10 |
---------------+-------------------------------+-----
Axes           | 3 4 6 8 10 12 | 12.9
Fighting       | 4 5 6 7 8 |  8.1
Armour         | 4 5 6 8 |  8.2
Shields        | 4 |  4.5
Dodging        | 1 2 3 |  3.1
Stealth        | 1 |  1.0

Action                     |  1- 3 |  4- 6 |  7- 9 | 10-12 || total
---------------------------+-------+-------+-------+-------++-------
  Melee: War axe           |    68 |    72 |   334 |    55 ||   529
         Punch             |       |       |     1 |       ||     1
   Fire: Arbalest          |       |       |     3 |       ||     3
 Invoke: Draw Summoning    |       |       |     1 |       ||     1
         Draw Destruction  |       |       |     1 |       ||     1
    Use: Scroll            |       |     1 |       |       ||     1
         Potion            |       |       |     1 |     3 ||     4
 Armour: Scale mail        |    45 |    48 |   299 |       ||   392
         Steam dragon scal |       |       |     7 |    62 ||    69
  Dodge: Dodged            |    35 |    25 |   196 |    55 ||   311
  Block: Buckler           |    11 |    17 |    42 |    18 ||    88
